 Dungeon Crawl Stone Soup version 0.19.1-1-g22dce08 (webtiles) character file.

17784 theAP the Basher (level 12, -20/81 HPs)
             Began as a Gargoyle Fighter on Jan 4, 2017.
             Was an Elder of Qazlal.
             Demolished by an orc knight
             ... wielding a +0 halberd
              (37 damage)
             ... in a bailey.
             The game lasted 00:44:38 (11289 turns).

theAP the Basher (Gargoyle Fighter)                Turns: 11289, Time: 00:44:39

Health: -20/81     AC: 29    Str: 24    XL:     12   Next: 51%
Magic:  18/18      EV:  9    Int: 18    God:    Qazlal [****..]
Gold:   642        SH: 15    Dex: 14    Spells: 0 memorised, 11 levels left

rFire  . . .     SeeInvis +     B - +8 eveningstar "Vimn" {crush, *Rage Int+8 SInv}
rCold  . . .     Gourm    .     P - +3 plate armour
rNeg   + . .     Faith    .     c - +0 shield
rPois  ∞         Spirit   .     (no helmet)
rElec  +         Reflect  .     v - +1 cloak
rCorr  .         Harm     +     (no gloves)
MR     +....     Rnd*Rage +     g - +1 pair of boots
Stlth  ..........               J - amulet of harm
                                y - ring of poison resistance
                                t - ring of protection from magic

@: agile, exhausted, slowed, repel missiles, very slow
A: icy blue scales 1, mutation resistance 1, negative energy resistance 1,
electricity resistance, wild magic 1, unbreathing, petrification resistance, rot
immunity, AC +8
a: Upheaval, Elemental Force, Renounce Religion


You were in a bailey.
You worshipped Qazlal.
Qazlal was greatly pleased with you.
You were not hungry.

You visited 2 branches of the dungeon, and saw 14 of its levels.
You also visited: Sewer and Bailey.

You collected 642 gold pieces.

Inventory:

Hand Weapons
 a - a +1 flail
 n - the +4 mace of the Five Souls {crush, rElec rC- Int+3 Stlth+}
   (You found it on level 5 of the Dungeon)

   It inflicts extra damage upon your enemies.
   It affects your intelligence (+3).
   It makes you vulnerable to cold.
   It insulates you from electricity.
   It makes you more stealthy.
 q - a +4 mace of freezing
 B - the +8 eveningstar "Vimn" (weapon) {crush, *Rage Int+8 SInv}
   (You acquired it on level 12 of the Dungeon)

   It inflicts extra damage upon your enemies.
   It affects your intelligence (+8).
   It lets you see invisible.
   It may make you go berserk in combat.
 G - a +3 morningstar
 U - a cursed +2 flail
Armour
 c - a +0 shield (worn)
 g - a +1 pair of boots (worn)
 v - a +1 cloak (worn)
 D - a +0 ring mail of cold resistance
 P - a +3 plate armour (worn)
Jewellery
 t - a ring of protection from magic (left hand)
 y - a ring of poison resistance (right hand)
 J - an amulet of harm (around neck)
Wands
 p - a wand of slowing (36/48)
 F - a wand of iceblast (0/15)
 H - a wand of iceblast (1/15)
 N - a wand of digging (14/24)
 O - a wand of lightning (11/15)
 S - a wand of lightning (3/15)
Scrolls
 o - 6 scrolls of remove curse
 r - 8 scrolls of identify
 w - 5 scrolls of teleportation
 C - 3 scrolls of amnesia
 E - a scroll of fear
Potions
 e - 2 potions of magic
 i - 4 potions of flight
 m - 3 potions of lignification
Books
 l - a book of Unlife

   Spells                             Type                      Level
   a - Recall                         Summoning/Translocation      3
   b - Animate Dead                   Necromancy                   4
   c - Control Undead                 Necromancy                   4
   d - Cigotuvi's Embrace             Necromancy                   5
   e - Death Channel                  Necromancy                   6
   f - Simulacrum                     Ice/Necromancy               6
 u - a book of Misfortune

   Spells                             Type                      Level
   a - Confusing Touch                Hexes                        1
   b - Confuse                        Hexes                        3
   c - Gell's Gravitas                Hexes/Translocation          3
   d - Petrify                        Transmutation/Earth          4
   e - Metabolic Englaciation         Hexes/Ice                    5
   f - Yara's Violent Unravelling     Hexes/Transmutation          5
 M - a book of Geomancy

   Spells                             Type                      Level
   a - Sandblast                      Earth                        1
   b - Passwall                       Transmutation/Earth          2
   c - Stone Arrow                    Conjuration/Earth            3
   d - Petrify                        Transmutation/Earth          4
   e - Lee's Rapid Deconstruction     Earth                        5
 Q - a book of Necromancy

   Spells                             Type                      Level
   a - Pain                           Necromancy                   1
   b - Animate Skeleton               Necromancy                   1
   c - Vampiric Draining              Necromancy                   3
   d - Regeneration                   Charms/Necromancy            3
   e - Animate Dead                   Necromancy                   4
   f - Control Undead                 Necromancy                   4
 R - a book of Maledictions

   Spells                             Type                      Level
   a - Corona                         Hexes                        1
   b - Ensorcelled Hibernation        Hexes/Ice                    2
   c - Confuse                        Hexes                        3
   d - Tukima's Dance                 Hexes                        3
   e - Dazzling Spray                 Conjuration/Hexes            3
Comestibles
 b - 3 chunks of flesh
 f - 12 bread rations
 j - a slice of pizza
 k - 6 meat rations
 z - 8 royal jellies
 A - a beef jerky
 I - a fruit


   Skills:
 + Level 11.8 Fighting
 * Level 14.6 Maces & Flails
 - Level 3.5 Armour
 - Level 3.4 Shields
 + Level 9.1 Invocations


You had 11 spell levels left.
You didn't know any spells.

Dungeon Overview and Level Annotations

Branches:
Dungeon (13/15)            Temple (1/1) D:7            Lair (0/6) D:11
    Orc (0/2) D:10
 Vaults: D:13-14

Altars:
Ashenzari
Cheibriados
Dithmenos
Elyvilon
Fedhas
Gozag
Hepliaklqana
Kikubaaqudgha
Makhleb
Nemelex Xobeh
Okawaru
Qazlal
Ru
Sif Muna
Trog
Uskayaw
Vehumet
Xom
Yredelemnul
Zin
The Shining One
Jiyva

Shops:
D:7 (


Innate Abilities, Weirdness & Mutations

You are resistant to torment.
Your stone body is resilient. (AC +8)
You are immune to poison.
You resist negative energy. (rN+)
You are resistant to electric shocks. (rElec)
You can survive without breathing.
You are immune to petrification.
You are immune to rotting.
You are partially covered in icy blue scales. (AC +2)
You are somewhat resistant to further mutation.
Your spells are a little harder to cast, but a little more powerful.


Message History

You feel better. You block the orc knight's attack.
Things that are here:
a trident; an orc skeleton The orc knight no longer looks unusually strong.
The orc knight no longer looks unusually strong.
Things that are here:
a war axe; a trident; a chain mail The orc knight roars a battlecry!
The orc knight goes into a battle-frenzy!
The orc knight roars a battlecry!
The orc knight goes into a battle-frenzy!
There is an open door, spattered with blood here.
Items here: !! ))) [ ††† You feel a little less mighty now.
Things that are here:
a trident; a chain mail; an orc corpse You are too injured to fight recklessly!
The gnoll dissolves into shadows!
The orc knight hits you with a halberd!!
You die...

#∩.....∩#
#.......#
#...)...#
#).))...#
#))))...#
#.)))§..#
#..§§§..#
#.§).§..#
#.§)@.§.#
##..o..##
###o###
#))o#
#.g.#
#.))#
#...#
###'###
##.gg).##


You could see 3 orc knights and a gnoll.

Vanquished Creatures
  Snorg (D:11)
  Erica (D:9)
  4 orc knights (Bailey)
  2 hill giants (D:11)
  A deep elf mage (D:13)
  A cyclops (D:12)
  A komodo dragon (D:12)
  The ghost of niquify the Gusty, a novice TeAE of Vehumet (D:6)
  Prince Ribbit (D:7)
  2 two-headed ogres
  4 hippogriffs
  3 slime creatures (D:12)
  A shadow (D:12)
  A vampire (D:8)
  2 wraiths (D:13)
  12 yaks
  2 wyverns
  Eustachio (D:6)
  A basilisk (D:11)
  The ghost of Alarkh the Chopper, an amateur DsMo (Sewer)
  4 vampire mosquitoes (D:12)
  A mottled dragon (D:11)
  Menkaure (D:6)
  A water moccasin (D:13)
  2 black bears
  Purgy (Sewer)
  2 sky beasts
  10 orc warriors
  An eye of draining (D:11)
  3 ice beasts
  A hornet zombie (D:13)
  5 ogres
  2 necrophages
  10 centaurs
  A phantom (D:12)
  The ghost of hhkb the Ducker, an amateur DEIE (D:4)
  Blork the orc (D:4)
  4 big kobolds
  2 bullfrogs
  A wyvern zombie (D:6)
  A water moccasin zombie (D:8)
  2 scorpions
  10 wights
  7 howler monkeys
  An electric eel (D:13)
  6 crimson imps
  Crazy Yiuf (D:5)
  5 jellies
  7 orc priests
  4 hounds
  A bullfrog skeleton (D:9)
  4 centaur skeletons
  2 iguanas
  Natasha (thrice) (D:2)
  14 orc wizards
  4 worker ants
  A hound zombie (D:8)
  A hound skeleton (D:9)
  2 worker ant zombies
  8 adders
  3 river rats (D:11)
  A shadow imp (D:7)
  6 oozes
  An adder zombie (D:9)
  2 adder skeletons
  4 worms
  3 dart slugs
  3 leopard geckos
  68 orcs
  A ball python (Sewer)
  7 bats
  10 giant cockroaches
  10 goblins
  5 hobgoblins
  15 jackals
  26 kobolds
  3 quokkas
  11 frilled lizards
  2 leopard gecko skeletons
  14 rats
  5 fungi
  A plant (D:11)
382 creatures vanquished.

Vanquished Creatures (others)
  2 fungi (D:11)
2 creatures vanquished.

Grand Total: 384 creatures vanquished

Notes
Turn   | Place    | Note
-------+----------+-------------------------------------------
     0 | D:1      | theAP the Gargoyle Fighter began the quest for the Orb.
     0 | D:1      | Reached XP level 1. HP: 14/14 MP: 1/1
   427 | D:1      | Reached XP level 2. HP: 19/19 MP: 2/2
   765 | D:1      | Reached XP level 3. HP: 24/24 MP: 3/3
   823 | D:2      | Noticed Natasha
   828 | D:2      | Killed Natasha
   828 | D:2      | Reached skill level 3 in Maces & Flails
   974 | D:2      | Noticed Natasha
   978 | D:2      | Killed Natasha
   978 | D:2      | Reached XP level 4. HP: 29/29 MP: 4/4
  1010 | D:2      | Noticed Natasha
  1026 | D:2      | Killed Natasha
  1377 | D:3      | Reached skill level 4 in Maces & Flails
  1377 | D:3      | Reached XP level 5. HP: 29/34 MP: 5/5
  1987 | D:3      | Reached XP level 6. HP: 36/40 MP: 6/6
  2213 | D:4      | Noticed hhkb's ghost (amateur DEIE)
  2224 | D:4      | Killed hhkb's ghost
  2224 | D:4      | Reached skill level 5 in Fighting
  2224 | D:4      | Reached skill level 5 in Maces & Flails
  2260 | D:4      | Noticed Blork the orc
  2267 | D:4      | Killed Blork the orc
  2726 | D:5      | Entered Level 5 of the Dungeon
  2867 | D:5      | Found a glowing drain.
  2919 | Sewer    | Entered a sewer
  2959 | Sewer    | Noticed Purgy
  2976 | Sewer    | Killed Purgy
  2976 | Sewer    | Reached skill level 6 in Maces & Flails
  2976 | Sewer    | Reached XP level 7. HP: 28/45 MP: 7/7
  2978 | Sewer    | Noticed Alarkh's ghost (amateur DsMo)
  3009 | Sewer    | Killed Alarkh's ghost
  3510 | D:5      | Reached skill level 7 in Maces & Flails
  3536 | D:5      | Reached XP level 8. HP: 46/52 MP: 8/8
  3645 | D:5      | Found a glowing silver altar of Zin.
  3799 | D:5      | Noticed a moth of wrath
  3802 | D:5      | Found a bloodstained altar of Trog.
  4049 | D:5      | Found a runed door.
  4055 | D:5      | Noticed Crazy Yiuf
  4063 | D:5      | Killed Crazy Yiuf
  4068 | D:5      | Got a translucent mace
  4069 | D:5      | Identified the +4 mace of the Five Souls {crush, rElec rC- Int+3 Stlth+} (You found it on level 5 of the Dungeon)
  4125 | D:6      | Noticed Menkaure
  4136 | D:6      | Killed Menkaure
  4136 | D:6      | Reached skill level 8 in Maces & Flails
  4214 | D:6      | Noticed a dagger
  4215 | D:6      | Noticed a dagger
  4218 | D:6      | Found a hide-covered altar of Uskayaw.
  4248 | D:6      | Noticed niquify's ghost (novice TeAE)
  4267 | D:6      | Killed niquify's ghost
  4267 | D:6      | Reached skill level 9 in Maces & Flails
  4267 | D:6      | Reached XP level 9. HP: 55/59 MP: 9/9
  4491 | D:6      | Noticed Eustachio
  4960 | D:6      | Killed Eustachio
  4984 | D:6      | Reached skill level 10 in Maces & Flails
  5152 | D:7      | Found an opulent altar of Gozag.
  5324 | D:7      | Found a staircase to the Ecumenical Temple.
  5334 | Temple   | Entered the Ecumenical Temple
  5453 | Temple   | Became a worshipper of Qazlal Stormbringer
  5589 | D:7      | Noticed Prince Ribbit
  5622 | D:7      | Gained mutation: Your spells are a little harder to cast, but a little more powerful. [mutagenic meat]
  5623 | D:7      | Gained mutation: You are somewhat resistant to further mutation. [mutagenic meat]
  5625 | D:7      | Gained mutation: You are partially covered in icy blue scales. (AC +2) [mutagenic meat]
  5688 | D:7      | Reached skill level 1 in Invocations
  5757 | D:7      | Found Veonuune's Weapon Shop.
  5914 | D:7      | Killed Prince Ribbit
  6018 | D:8      | Found a viscous altar of Jiyva.
  6091 | D:8      | Reached skill level 11 in Maces & Flails
  6126 | D:8      | Reached XP level 10. HP: 51/66 MP: 10/12
  6166 | D:8      | Found a blossoming altar of Fedhas.
  6209 | D:8      | Reached * piety under Qazlal
  7163 | D:9      | Reached ** piety under Qazlal
  7179 | D:9      | Noticed Erica
  7201 | D:9      | Killed Erica
  7201 | D:9      | Reached skill level 12 in Maces & Flails
  7797 | D:10     | Entered Level 10 of the Dungeon
  7797 | D:10     | Found a staircase to the Orcish Mines.
  7879 | D:10     | Reached skill level 10 in Fighting
  7879 | D:10     | Reached skill level 5 in Invocations
  8010 | D:10     | Reached XP level 11. HP: 58/72 MP: 15/15
  8910 | D:11     | Reached *** piety under Qazlal
  8941 | D:11     | Noticed a hill giant
  8943 | D:11     | Noticed a hill giant
  8953 | D:11     | Killed a hill giant
  8957 | D:11     | Killed a hill giant
  8957 | D:11     | Reached skill level 13 in Maces & Flails
  9106 | D:11     | Noticed Snorg
  9125 | D:11     | Killed Snorg
  9294 | D:11     | Found a staircase to the Lair.
  9717 | D:12     | Noticed a cyclops
  9729 | D:12     | Reached **** piety under Qazlal
  9739 | D:12     | Killed a cyclops
  9969 | D:12     | Identified a scroll of acquirement
  9972 | D:12     | Got an ichor-stained eveningstar
  9973 | D:12     | Identified the +8 eveningstar "Vimn" {crush, *Rage Int+8 SInv} (You acquired it on level 12 of the Dungeon)
 10254 | D:12     | Found a white marble altar of Elyvilon.
 10458 | D:12     | Reached XP level 12. HP: 59/80 MP: 17/17
 11003 | D:13     | Reached skill level 14 in Maces & Flails
 11112 | D:13     | Found a flagged portal.
 11127 | Bailey   | Entered a bailey
 11177 | Bailey   | Reached ***** piety under Qazlal
 11276 | Bailey   | HP: 5/121 [orc knight/trident (20)]
 11289 | Bailey   | Demolished by an orc knight

Skill      XL: |  1  2  3  4  5  6  7  8  9 10 11 12 |
---------------+-------------------------------------+-----
Fighting       | 4 5 6 7 9 10 11 | 11.8
Maces & Flails | 3 4 6 7 9 11 12 13 14 | 14.6
Invocations    | 2 5 7 9 |  9.1
Armour         | |  3.5
Shields        | |  3.4

Action                   |  1- 3 |  4- 6 |  7- 9 | 10-12 || total
-------------------------+-------+-------+-------+-------++-------
Melee: Flail             |    83 |   269 |   144 |       ||   496
       Mace              |       |       |   200 |   434 ||   634
       Eveningstar       |       |       |       |   183 ||   183
Invok: Disaster Area     |       |       |       |     1 ||     1
Evoke: Wand              |       |       |       |     2 ||     2
  Use: Potion            |     1 |       |    12 |    12 ||    25
       Scroll            |       |       |     8 |    12 ||    20
  Eat: Chunk             |       |     5 |    14 |     9 ||    28
       Bread ration      |       |     1 |       |       ||     1
       Royal jelly       |       |       |       |     3 ||     3
       Fruit             |       |       |       |     3 ||     3
Armor: Scale mail        |    36 |   182 |   126 |       ||   344
       Skin              |       |       |    21 |       ||    21
       Ring mail         |       |       |    23 |    64 ||    87
       Plate armour      |       |       |       |   275 ||   275
Dodge: Dodged            |    27 |    91 |    74 |   111 ||   303
       Deflected         |       |       |       |     8 ||     8
Block: Shield            |    36 |   150 |   125 |   453 ||   764
